 Dungeon Crawl Stone Soup version 0.30-a0-964-gd452b5e7fa (webtiles) character file.

Game seed: 6378010871655618588

139 juan097 the Chopper (level 5, 0/46 HPs)
             Began as a Minotaur Berserker on Mar 30, 2023.
             Was a Believer of Trog.
             Slain by an orc
             ... wielding a +0 hand axe
              (5 damage)
             ... on level 3 of the Dungeon.
             The game lasted 00:02:43 (1838 turns).

juan097 the Chopper (Minotaur Berserker)            Turns: 1838, Time: 00:02:44

Health: 0/46       AC:  7    Str: 24    XL:     5   Next: 1%
Magic:  0/4        EV: 11    Int:  4    God:    Trog [**....]
Gold:   57         SH:  0    Dex:  9    Spells: 4/4 levels left

rFire   . . .      SeeInvis .    a - +0 hand axe
rCold   . . .      Faith    .    (no shield)
rNeg    . . .      Spirit   +    h - +0 ring mail
rPois   .          Reflect  .    n - +2 hat {Stlth+}
rElec   .          Rampage  .    (no cloak)
rCorr   .                        (no gloves)
Will    .....                    (no boots)
Stlth   ++                       i - amulet of guardian spirit
HPRegen 0.27/turn                (no ring)
MPRegen 0.09/turn                (no ring)

@: no status effects
A: horns 2, retaliatory headbutt
a: Renounce Religion, Berserk, Trog's Hand


You were on level 3 of the Dungeon.
You worshipped Trog.
Trog was pleased with you.
You visited 1 branch of the dungeon, and saw 3 of its levels.

You collected 57 gold pieces.

Inventory:

Hand Weapons
 a - a +0 hand axe (weapon)
 m - a +2 dagger of venom
Missiles
 p - 6 boomerangs (quivered)
Armour
 b - a +0 animal skin
 h - a +0 ring mail (worn)
 n - a +2 hat of stealth (worn)
Jewellery
 c - a ring of ice
 i - an amulet of guardian spirit (around neck)
Scrolls
 d - 2 scrolls of identify {unknown}
 f - a scroll of magic mapping {unknown}
 g - 2 scrolls of blinking {unknown}
 j - 2 scrolls of teleportation {unknown}
 l - a scroll of butterflies {unknown}
Potions
 e - 3 potions of curing {unknown}
 k - a potion of attraction {unknown}
 o - a potion of mutation {unknown}
 q - 2 potions of might {unknown}


   Skills:
 + Level 3.9 Fighting
 + Level 6.1 Axes
 + Level 2.8 Armour
 + Level 2.5 Dodging
 + Level 0.8 Stealth


You had 4 spell levels left.
You didn't know any spells.
Your spell library was empty.

Dungeon Overview and Level Annotations

Branches:
Dungeon (3/15)

Altars:
Gozag

Annotations:
D:3 Grinder


Innate Abilities, Weirdness & Mutations

You have a pair of horns on your head.
You reflexively headbutt those who attack you in melee.


Message History

The orc hits you from afar with a +0 trident.
The orc priest invokes the aid of Beogh against you.
Beogh smites you!
Grinder blinks!
You barely miss the orc.
The orc is heavily wounded.
The orc hits you from afar with a +0 trident.
The orc hits you but does no damage.
You hit the orc.
You kill the orc!
Trog accepts your kill. The orc hits you but does no damage.
The orc hits you but does no damage.
You see here a +0 club.
You barely miss the orc.
Your skin stops crawling.
You feel less strong-willed. The orc hits you but does no damage.
You hit the orc.
You kill the orc!
Trog accepts your kill.
You hit the orc priest.
You headbutt the orc priest, but do no damage.
The orc priest is moderately wounded.
The orc priest calls down the wrath of Beogh upon you.
Pain shoots through your body!
* * * LOW HITPOINT WARNING * * *
You closely miss the orc priest. You headbutt the orc priest!
The orc priest is severely wounded.
The orc priest hits you with a +0 hand axe.
* * * LOW HITPOINT WARNING * * *
You hit the orc priest. You headbutt the orc priest.
You kill the orc priest!
Trog accepts your kill.
You have reached level 5!
You closely miss the orc. Your headbutt misses the orc.
The orc hits you with a +0 hand axe.
* * * LOW HITPOINT WARNING * * *
You hit the orc.
The orc is moderately wounded.
The orc hits you with a +0 hand axe.
You die...

... # #.#...# ### #.#
#.# #.# #.# # #.###.# #
#.####...#.# ####### #
#.....5..#.# ......#
#..........# ......#
#.####...#######......#
#.........@o..........#
#############.........
#......... #.........
#......... #.........
#......... ######....
^..


You could see Grinder and an orc.

Vanquished Creatures
  An orc priest (D:3)
  4 gnolls (D:2)
  An adder (D:2)
  5 worms (D:2)
  A dart slug (D:2)
  3 orcs (D:3)
  5 ball pythons
  2 endoplasms (D:1)
  A giant cockroach (D:2)
  A goblin (D:2)
  7 hobgoblins
  A quokka (D:1)
  3 bats
  8 kobolds
  2 rats
45 creatures vanquished.

Notes
Turn   | Place    | Note
-------+----------+-------------------------------------------
     0 | D:1      | juan097 the Minotaur Berserker began the quest for the Orb.
     0 | D:1      | Reached XP level 1. HP: 19/19 MP: 0/0
   422 | D:1      | Reached skill level 4 in Axes
   560 | D:1      | Found a faded altar of an unknown god.
   782 | D:1      | Reached XP level 2. HP: 26/26 MP: 1/1
  1087 | D:2      | Reached skill level 5 in Axes
  1087 | D:2      | Reached XP level 3. HP: 31/31 MP: 2/2
  1134 | D:2      | Reached skill level 6 in Axes
  1134 | D:2      | Reached XP level 4. HP: 39/39 MP: 3/3
  1241 | D:2      | Found an opulent altar of Gozag.
  1277 | D:2      | Reached ** piety under Trog
  1805 | D:3      | Noticed Grinder
  1837 | D:3      | Reached XP level 5. HP: 8/46 MP: 0/4
  1838 | D:3      | Slain by an orc

Illustrated notes

Levels and vault maps discovered:
D:1:      lightli_arrival_statue_moat, layout_basic,
          chequers_ecumenical_altar_island
D:2:      minmay_kobold_bridge, layout_basic, basic_altar
D:3:      layout_basic, uniq_grinder

Skill      XL: |  1  2  3 |
---------------+----------+-----
Axes           | 4 5 6 |  6.1
Fighting       | |  3.9
Armour         | |  2.8
Dodging        | |  2.5
Stealth        | |  0.8

Action                     |  1- 3 |  4- 6 || total
---------------------------+-------+-------++-------
  Melee: Hand axe          |    45 |    57 ||   102
         Headbutt          |     9 |    13 ||    22
         Punch             |     1 |     1 ||     2
 Invoke: Berserk           |     1 |       ||     1
         Trog's Hand       |       |     1 ||     1
   Stab: Sleeping          |     1 |     1 ||     2
 Armour: Ring mail         |     3 |    22 ||    25
  Dodge: Dodged            |    22 |    31 ||    53

Table legend: (Time is in decaauts)
 A = Elapsed time spent in this place.
 B = Non-inter-level travel time spent in this place.
 C = Inter-level travel time spent in this place.
 D = Time resting spent in this place.
 E = Time spent auto-exploring this place.
 F = Levels seen in this place.
 G = Mean time per level.
                   A        B        C        D        E       F      G
               +--------+--------+--------+--------+--------+-----+--------+
         Total |   1853 |   1780 |     73 |      0 |   1447 |   3 |  617.7 |
       Dungeon |   1853 |   1780 |     73 |      0 |   1447 |   3 |  617.7 |
               +--------+--------+--------+--------+--------+-----+--------+

Top non-repeatable levels by time:
     D:1: 922 daAuts
     D:2: 772 daAuts
     D:3: 157 daAuts
